 Dungeon Crawl Stone Soup version 0.27.1-3-gb3d3a73c9e (webtiles) character file.

Game seed: 2461582137518447150

135 Urokeeper the Sneak (level 5, -10/32 HPs)
             Began as a Kobold Brigand on Oct 13, 2021.
             Mangled by Crazy Yiuf (15 damage)
             ... on level 2 of the Dungeon.
             The game lasted 00:06:10 (2388 turns).

Urokeeper the Sneak (Kobold Brigand)                Turns: 2388, Time: 00:06:10

Health: -10/32     AC:  6    Str:  8    XL:     5   Next: 42%
Magic:  5/5        EV: 19    Int: 12    God:
Gold:   66         SH:  0    Dex: 18    Spells: 4/4 levels left

rFire    . . .     SeeInvis .   q - +0 rapier
rCold    + . .     Faith    .   (shield restricted)
rNeg     . . .     Spirit   .   j - +1 leather armour {rC+}
rPois    .         Reflect  .   m - +0 helmet
rElec    .         Harm     .   c - +0 cloak
rCorr    .         Rampage  .   (no gloves)
Will     .....                  (no boots)
Stlth    ++++......             (no amulet)
HPRegen  0.10/turn              g - +4 ring of evasion
MPRegen  0.09/turn              (no ring)

@: no status effects
A: small, no large weapons, nightstalker 3
a: no special abilities


You were on level 2 of the Dungeon.
You visited 1 branch of the dungeon, and saw 3 of its levels.

You collected 66 gold pieces.

Inventory:

Hand Weapons
 a - a +2 dagger
 n - a +0 trident
 q - a +0 rapier (weapon)
Missiles
 d - 8 poisoned darts (quivered)
Armour
 b - a +0 robe
 c - a +0 cloak (worn)
 j - a +1 leather armour of cold resistance (worn)
 m - a +0 helmet (worn)
Jewellery
 g - a +4 ring of evasion (left hand)
Scrolls
 h - a scroll of teleportation {unknown}
 i - a scroll of brand weapon {unknown}
 o - a scroll of identify {unknown}
 p - a scroll of enchant weapon {unknown}
Potions
 e - a potion of lignification {unknown}
 f - a potion of degeneration {unknown}
 k - 2 potions of curing {unknown}
 r - 2 potions of haste {unknown}
 s - a potion of might {unknown}


   Skills:
 + Level 3.3 Fighting
 + Level 4.2 Short Blades
 - Level 2.1 Throwing
 + Level 3.0 Dodging
 + Level 6.3 Stealth


You had 4 spell levels left.
You didn't know any spells.
Your spell library contained the following spells:

 Spells                   Type           Power      Damage    Failure   Level
 Shock                    Conj/Air       0%         1d3       43%         1
 Swiftness                Air            0%         N/A       82%         3
 Airstrike                Air            0%         N/A       99%         4


Dungeon Overview and Level Annotations

Branches:
Dungeon (3/15)

Altars:

Annotations:
D:2 Crazy Yiuf


Innate Abilities, Weirdness & Mutations

You are small and have problems with some larger weapons.
You are completely attuned to the shadows.


Message History

There is an open door here.
You see here a +0 mace.
Could not explore, unopened runed door.
You open the door.
There is an open translucent door here.
Crazy Yiuf shouts!
Throw: dart (curare)
Press: ? - help, Q - select action, (/) - cycle Shift-Dir - straight line, f - Crazy Yiuf
Aim: Crazy Yiuf, wielding a +4 quarterstaff of chaos and wearing a +1 cloak of preservation (66% to hit)
You throw a curare-tipped dart.
The curare-tipped dart barely misses Crazy Yiuf.
Crazy Yiuf completely misses you. Crazy Yiuf closely misses you.
You see here a curare-tipped dart.
l - a curare-tipped dart Crazy Yiuf barely misses you.
Throw: dart (curare)
Press: ? - help, Q - select action, (/) - cycle Shift-Dir - straight line, f/p - Crazy Yiuf
Aim: Crazy Yiuf, wielding a +4 quarterstaff of chaos and wearing a +1 cloak of preservation (66% to hit)
You throw a curare-tipped dart.
The curare-tipped dart closely misses Crazy Yiuf.
Crazy Yiuf says, "Ice!
Mama foot action."
Crazy Yiuf completely misses you.
q - a +0 rapier (weapon)
Crazy Yiuf misses you.
You hit Crazy Yiuf but do no damage.
Crazy Yiuf laughs, "Ice!"
Crazy Yiuf hits you with a +4 quarterstaff of chaos.
You are confused.
You bump into the stone wall.
Crazy Yiuf hits you with a +4 quarterstaff of chaos!
You resist with some effort.
Crazy Yiuf hits you with a +4 quarterstaff of chaos!
Space bends around you!
* * * LOW HITPOINT WARNING * * *
You see here a +0 mace.
You're too confused to move!
You feel less confused.
Crazy Yiuf hits you with a +4 quarterstaff of chaos!
You die...

#........#...####..<......####..
#.######.##.## ##.......## ##.
#.# ###### ##.....## ## #.#
##...## ## #.###♣♣♣♣♣ ##'## #.
#.##...♣.♣♣♣##### #.# #.
#.).....♣..♣#...# #.# #.
#......♣♣♣♣.'.g.# ###.### #.
##.#))♣♣ ♣♣#..@# #....†# #.
####♣♣ ##### #.....#######.
##............ ##....########
##...#.# #......# ####.### #.#
#.#


You could see Crazy Yiuf.

Vanquished Creatures
  Jessica (D:2)
  Terence (D:2)
  Robin (D:2)
  2 adders (D:2)
  2 bats (D:1)
  7 endoplasms
  A giant cockroach (D:1)
  8 goblins
  6 hobgoblins
  2 jackals (D:2)
  4 quokkas
  7 ball pythons
  3 frilled lizards
  5 kobolds
  5 rats
55 creatures vanquished.

Notes
Turn   | Place    | Note
-------+----------+-------------------------------------------
     0 | D:1      | Urokeeper the Kobold Brigand began the quest for the Orb.
     0 | D:1      | Reached XP level 1. HP: 12/12 MP: 1/1
   132 | D:1      | Reached XP level 2. HP: 18/18 MP: 2/2
   333 | D:1      | Found a faded altar of an unknown god.
   713 | D:1      | Reached XP level 3. HP: 22/22 MP: 3/3
   978 | D:2      | You fall into a shaft and drop 1 floor!
  1053 | D:2      | Noticed Jessica
  1065 | D:2      | Killed Jessica
  1066 | D:2      | Reached XP level 4. HP: 14/27 MP: 4/4
  1419 | D:2      | Noticed Robin
  1441 | D:2      | Killed Robin
  1442 | D:2      | Reached skill level 6 in Stealth
  1872 | D:2      | Found a runed translucent door.
  1875 | D:2      | Noticed Crazy Yiuf
  1955 | D:2      | Reached XP level 5. HP: 32/32 MP: 5/5
  2033 | D:2      | Noticed Terence
  2036 | D:2      | Killed Terence
  2388 | D:2      | Mangled by Crazy Yiuf

Illustrated notes

Levels and vault maps discovered:
D:1:      dpeg_arrival_oval, layout_loops_ring,
          hellmonk_ecumenical_altar_run_dry
D:2:      layout_loops_corners, uniq_jessica, uniq_crazy_yiuf_cottage,
          uniq_robin, uniq_terence
D:3:      layout_basic, portal_sewer_entry_a, gammafunk_ghost_necromancy,
          serial_shops, shop

Skill      XL: |  1  2  3  4  5 |
---------------+----------------+-----
Short Blades   | 3 4 |  4.2
Dodging        | 2 3 |  3.0
Fighting       | 3 |  3.3
Stealth        | 6 |  6.3
Throwing       | |  2.1

Action                   |  1- 3 |  4- 6 || total
-------------------------+-------+-------++-------
Melee: Dagger            |    54 |    68 ||   122
       Rapier            |       |     1 ||     1
Throw: Dart              |     3 |     3 ||     6
 Stab: Sleeping          |    17 |    11 ||    28
       Distracted        |       |     1 ||     1
Armor: Robe              |     6 |       ||     6
       Leather armour    |     3 |    18 ||    21
Dodge: Dodged            |    26 |    44 ||    70
